 Dungeon Crawl Stone Soup version 0.21-a0-88-g13b9641 (webtiles) character file.

875 4thArraOfDagon the Chiller (level 7, -32/31 HPs)
             Began as a Felid Ice Elementalist on June 27, 2017.
             Was a Priest of Cheibriados.
             Killed from afar by a jelly (51 damage)
             ... with an exploding inner flame
             ... hexed by the player character
             ... on level 7 of the Dungeon.
             The game lasted 00:16:30 (4536 turns).

4thArraOfDagon the Chiller (Felid Ice Elementalist) Turns: 4536, Time: 00:16:31

Health: -32/31     AC:  2    Str:  9 (11) XL:     7   Next: 74%
Magic:  1/11       EV: 22    Int: 30 (31) God:    Cheibriados [***...]
Gold:   238        SH:  0    Dex: 24 (25) Spells: 2/10 levels left
                                        Lives:  0   Deaths: 2

rFire    . . .     SeeInvis +     - Unarmed
rCold    + . .     Gourm    .   (shield unavailable)
rNeg     . . .     Faith    .   (armour unavailable)
rPois    .         Spirit   .   (helmet unavailable)
rElec    .         Reflect  .   (cloak unavailable)
rCorr    .         Harm     .   (gloves unavailable)
MR       +....                  (boots unavailable)
Stlth    ++++......             (no amulet)
HPRegen  0.10/turn              l - ring of protection from cold
MPRegen  0.12/turn              p - +2 ring of dexterity

@: brilliant, very slightly contaminated, invisible, very slow
A: no armour, no weapons or thrown items, stealth, claws 1, fangs 3, see
invisible, carnivore 3, speed 1, shaggy fur 2, slow metabolism 1, sharp paws
a: Bend Time, Temporal Distortion, Renounce Religion


You were on level 7 of the Dungeon.
You worshipped Cheibriados.
Cheibriados was most pleased with you.
You were very full.

You visited 2 branches of the dungeon, and saw 10 of its levels.

You collected 238 gold pieces.

Inventory:

Jewellery
 l - a ring of protection from cold (left paw)
 p - a +2 ring of dexterity (right paw)
Wands
 k - a wand of iceblast (0/15)
 m - a wand of digging (10/24)
Scrolls
 d - a scroll of immolation
 i - 2 scrolls of remove curse
 j - 2 scrolls of enchant armour
Potions
 c - a potion of brilliance
 e - a potion of berserk rage
 g - a potion of mutation
 h - 3 potions of haste
 r - a potion of flight
Books
 a - a book of Frost

   Spells                             Type                      Level
   a - Freeze                         Ice                          1
   b - Throw Frost                    Conjuration/Ice              2
   c - Ozocubu's Armour               Charms/Ice                   3
   d - Throw Icicle                   Conjuration/Ice              4
   e - Summon Ice Beast               Ice/Summoning                4
Comestibles
 b - 7 meat rations


   Skills:
 + Level 3.1 Fighting
 + Level 5.3 Dodging
 + Level 5.0 Stealth
 * Level 4.8 Unarmed Combat
 - Level 2.0 Spellcasting
   Level 0.8 Conjurations
 - Level 6.4 Ice Magic
 + Level 2.8 Invocations


You had 2 spell levels left.
You knew the following spells:

 Your Spells              Type           Power        Failure   Level  Hunger
a - Freeze                Ice            ####         1%          1    None
b - Ozocubu's Armour      Chrm/Ice       #####...     1%          3    ###....
c - Summon Ice Beast      Ice/Summ       #####...     2%          4    ####...


Dungeon Overview and Level Annotations

Branches:
Dungeon (9/15)             Temple (1/1) D:5
   Lair: D:8-11         Orc: D:9-12

Altars:
Ashenzari
Cheibriados
Dithmenos
Elyvilon
Fedhas
Gozag
Hepliaklqana
Kikubaaqudgha
Nemelex Xobeh
Okawaru
Ru
Sif Muna
Trog
Uskayaw
Wu Jian
Xom
Yredelemnul
The Shining One

Shops:
D:4 !   D:5 :

Annotations:
D:5 5 runed doors, Edmund, Menkaure
D:7 Prince Ribbit


Innate Abilities, Weirdness & Mutations

You cannot wear armour.
You are incapable of wielding weapons or throwing items.
Your paws allow you to move quietly. (Stealth)
You have sharp claws.
You have razor-sharp teeth.
You have supernaturally acute eyesight. (SInv)
You are carnivorous and can eat meat at any time.
You cover ground quickly.
You are covered in thick fur. (AC +2)
You have a slow metabolism.
Your sharp claws are effective at attacking unaware monsters.


Message History

You feel clever all of a sudden. The jelly misses you.
Unknown command.
Casting: Freeze
Confirm with . or Enter, or press ? or * to list all spells.
Okay, then.
Unknown command.
Casting: Freeze
Confirm with . or Enter, or press ? or * to list all spells.
A chill wind blows around you.
The slime creature quivers.
The jelly completely misses you.
Unknown command.
You swap places.
The jelly hits you.
You are splashed with acid!
The acid burns!
Your ice beast hits the jelly.
Your ice beast freezes the jelly!
The jelly explodes!
The fiery explosion engulfs you!
Ouch! That really hurt!
You die...

...#...
#.##
...#...
...J.#.##
#....###
#....#
##J#.###
#...§§#
####§[##
##@Y#
####


You could see a slime creature (inner flame) and a friendly ice beast.

Vanquished Creatures
  A kobold demonologist (D:9)
  A black bear (D:7)
  2 ogres (D:5)
  A sky beast (D:7)
  A centaur (D:7)
  A bullfrog (D:6)
  A gnoll sergeant (D:6)
  A crimson imp (D:7)
  2 hounds
  An iguana (D:5)
  2 orc wizards
  3 worker ants (D:6)
  A hound skeleton (D:4)
  A worker ant zombie (D:8)
  8 gnolls
  12 adders
  A shadow imp (D:6)
  2 worms (D:2)
  3 dart slugs (D:1)
  2 leopard geckos
  17 orcs
  5 giant cockroaches
  10 hobgoblins
  9 jackals
  3 quokkas
  2 ball pythons
  5 bats
  6 frilled lizards
  22 goblins
  13 kobolds
  A leopard gecko skeleton (D:4)
  2 quokka skeletons (D:4)
  2 rats (D:1)
144 creatures vanquished.

Vanquished Creatures (others)
  4 toadstools (D:1)
4 creatures vanquished.

Grand Total: 148 creatures vanquished

Notes
Turn   | Place    | Note
-------+----------+-------------------------------------------
     0 | D:1      | 4thArraOfDagon the Felid Ice Elementalist began the quest for the Orb.
     0 | D:1      | Reached XP level 1. HP: 7/7 MP: 4/4
   204 | D:3      | Reached skill level 1 in Unarmed Combat
   233 | D:3      | Reached XP level 2. HP: 7/11 MP: 3/6
   324 | D:4      | Noticed an ogre
   351 | D:4      | Found Dabon's Distillery.
   367 | D:4      | Reached skill level 3 in Ice Magic
   367 | D:4      | Reached XP level 3. HP: 4/14 MP: 5/7
   390 | D:4      | Found a sacrificial altar of Ru.
   412 | D:5      | Entered Level 5 of the Dungeon
   429 | D:5      | Found a staircase to the Ecumenical Temple.
   440 | Temple   | Entered the Ecumenical Temple
   476 | Temple   | Became a worshipper of Cheibriados the Contemplative
   538 | D:5      | Noticed Edmund
   549 | D:5      | Noticed an ogre
   554 | D:5      | Killed an ogre
   554 | D:5      | Reached skill level 4 in Ice Magic
   554 | D:5      | Reached XP level 4. HP: 14/18 MP: 5/8
   577 | D:6      | Reached XP level 5. HP: 17/21 MP: 1/9
   607 | D:6      | You fall through a shaft for 3 floors!
   609 | D:9      | :(
   610 | D:9      | Noticed a centaur
   745 | D:9      | Noticed a kobold demonologist
   755 | D:9      | Killed a kobold demonologist
   755 | D:9      | Reached skill level 6 in Ice Magic
   755 | D:9      | Gained mutation: You are covered in thick fur. (AC +2) [Felid growth]
   755 | D:9      | Reached XP level 6. HP: 16/24 MP: 5/10
   850 | D:7      | Reached XP level 7. HP: 9/28 MP: 6/11
   851 | D:7      | HP: 1/28 [poisoned by a killer bee]
   855 | D:7      | Slain by a killer bee
   856 | D:7      | Reached XP level 6. HP: -1/25 MP: 6/10
   860 | D:7      | Noticed a sky beast
   877 | D:5      | Reached skill level 1 in Fighting
   877 | D:5      | Reached skill level 1 in Invocations
   878 | D:5      | Noticed a soldier ant
   881 | D:5      | Found a runed gate.
   886 | D:5      | Found a runed door.
   938 | D:5      | Found a runed door.
   945 | D:5      | Found a runed gate.
   945 | D:5      | Found a runed gate.
   947 | D:5      | Noticed a soldier ant
   947 | D:5      | Noticed a soldier ant
   947 | D:5      | Noticed a water moccasin
   947 | D:5      | Noticed a water moccasin
   948 | D:5      | Noticed a soldier ant
  1137 | D:4      | Reached * piety under Cheibriados
  1191 | D:4      | Learned a level 3 spell: Ozocubu's Armour
  1618 | D:3      | Reached ** piety under Cheibriados
  1704 | D:3      | Reached XP level 7. HP: 30/30 MP: 11/11
  2089 | D:1      | Reached *** piety under Cheibriados
  3198 | D:3      | Reached **** piety under Cheibriados
  3235 | D:4      | Slain by an ogre
  3236 | D:4      | Reached XP level 6. HP: -4/26 MP: 7/10
  3990 | D:5      | Found Ralower's Book Boutique.
  4090 | D:5      | Noticed Menkaure
  4261 | D:6      | Reached XP level 7. HP: 30/30 MP: 3/11
  4306 | D:6      | Reached skill level 5 in Dodging
  4486 | D:7      | Noticed Prince Ribbit
  4488 | D:7      | Was placed under penance by Cheibriados
  4495 | D:7      | Was forgiven by Cheibriados
  4495 | D:7      | Reached skill level 5 in Stealth
  4516 | D:7      | Noticed a slime creature
  4534 | D:7      | Learned a level 4 spell: Summon Ice Beast
  4536 | D:7      | Killed from afar by a jelly

Vault maps used:
D:1:      ldierk_water_garden, hangedman_abyss_or_decor_lesser_grid
D:3:      first_bread, minmay_unequal
D:4:      corexii_shantytown, serial_shops, shop, nicolae_ru_awakened_eye
D:5:      minmay_temple_entry_purple_smoke, serial_shops, shop_fountains,
          minmay_guarded_unrand_staff_of_olgreb, uniq_menkaure, uniq_edmund
D:6:      nicolae_overflow_crystal_walls,
          hangedman_abyss_or_decor_jellyfish_corner, kennysheep_generic_room_14
D:7:      cheibrodos_fzero, kennysheep_small_spiral, uniq_prince_ribbit1
D:8:      serial_shops, shop, uniq_grum
D:9:      david_lair_shrubbed, blue_anna_alchemist, david_defended_altar_orc,
          uniq_pikel
Temple:   compressed_dpeg_circular_temple

Skill      XL: |  1  2  3  4  5  6  7 |
---------------+----------------------+-----
Unarmed Combat | 1 4 |  4.8
Dodging        | 3 4 5 |  5.3
Stealth        | 3 4 5 |  5.0
Ice Magic      | 3 4 6 |  6.4
Fighting       | 2 3 |  3.1
Invocations    | 2 |  2.8
Spellcasting   | |  2.0
Conjurations   | |  0.8

Action                   |  1- 3 |  4- 6 |  7- 9 || total
-------------------------+-------+-------+-------++-------
Melee: Unarmed           |    11 |   106 |   115 ||   232
       Bite              |       |     8 |    13 ||    21
       Punch             |       |     3 |     1 ||     4
 Cast: Freeze            |    15 |    65 |    37 ||   117
       Ozocubu's Armour  |       |     2 |     4 ||     6
       Summon Ice Beast  |       |       |     1 ||     1
Invok: Slouch            |       |     1 |     1 ||     2
       Temporal Distorti |       |       |     1 ||     1
Evoke: Wand              |     3 |     4 |       ||     7
  Use: Scroll            |     3 |     3 |    11 ||    17
       Potion            |     2 |       |     8 ||    10
 Stab: Sleeping          |     5 |    19 |    14 ||    38
  Eat: Chunk             |     4 |    15 |     3 ||    22
Armor: Skin              |     9 |    13 |    19 ||    41
Dodge: Dodged            |    18 |   130 |   154 ||   302
